 Dungeon Crawl Stone Soup version 0.31-a0-986-g5e6e4ef867 (webtiles) character file.

Game seed: 6710956325871229203

3415 octoduck the Grappler (level 9, -3/91 HPs)
             Began as a Demonspawn Shapeshifter on Nov 24, 2023.
             Was a Priest of Hepliaklqana.
             Slain by a warg (7 damage)
             ... on level 8 of the Dungeon.
             The game lasted 00:29:05 (8767 turns).

octoduck the Grappler (Demonspawn Shapeshifter)     Turns: 8767, Time: 00:29:06

Health: -3/91      AC: 28    Str: 19    XL:     9   Next: 76%
Magic:  9/9        EV:  2    Int: 13    God:    Hepliaklqana [***...]
Gold:   123        SH:  0    Dex: 13    Spells: 8/8 levels left

rFire   + .          .
                       - Unarmed
rCold   + . .        (no shield)
rNeg    . . .        F - melded +1 plate armour
rPois   +            (helmet currently unavailable)
rElec   +            (cloak currently unavailable)
rCorr   +            (gloves currently unavailable)
SInv    .            L - melded +2 pair of boots of Dulirarr {rC++ rN++ Int-4}
Will    .....        y - amulet of faith
Stlth   +            p - ring of poison resistance
HPRegen 0.35/turn    A - +4 ring of protection
MPRegen 0.11/turn

%: faith
@: confused, tree-form, resistant, ambrosia-drunk
A: stationary, stasis, torment immunity, boosted hp, reduced essence, (horns 1),
foul stench 2, big brain 1, demonic magic 1
a: Renounce Religion, Recall Ancestor, Ancestor Identity, Transference


You were on level 8 of the Dungeon.
You worshipped Hepliaklqana.
Hepliaklqana was most pleased with you.
You were a tree.
You visited 1 branch of the dungeon, and saw 8 of its levels.
You also visited: Sewer.

You collected 379 gold pieces.
You spent 256 gold pieces at shops.

Inventory:

Hand Weapons
 R - the +10 hand axe "Kubyats" {speed, rElec}
   (You found it on level 7 of the Dungeon)

   rElec:     It insulates you from electricity.
Missiles
 b - a curare-tipped dart
 e - 10 silver javelins
 m - 9 poisoned darts
 w - 6 darts of dispersal
 I - 4 javelins
Armour
 F - a +1 plate armour (melded)
 L - the +2 pair of boots of Dulirarr (melded) {rC++ rN++ Int-4}
   (You bought it in a shop on level 5 of the Dungeon)

   Int-4:     It affects your intelligence (-4).
   rC++:      It greatly protects you from cold.
   rN++:      It greatly protects you from negative energy.
 Q - a +0 buckler
Jewellery
 p - a ring of poison resistance (left branch)
 y - an amulet of faith (around neck)
 A - a +4 ring of protection (right branch)
 C - an amulet of the acrobat
 G - a ring of protection from fire
Talismans
 c - a beast talisman
 d - a flux talisman (active)
 t - a dragon-blood talisman
 P - a talisman of death
Wands
 r - a wand of flame (8)
 O - a wand of iceblast (12)
Scrolls
 g - 2 scrolls of blinking
 i - 8 scrolls of teleportation
 v - a scroll of amnesia
 x - a scroll of fear
 z - a scroll of vulnerability
 E - a scroll of immolation
Potions
 a - a potion of haste
 h - a potion of might
 j - 5 potions of enlightenment
 k - a potion of magic {unknown}
 l - a potion of curing {unknown}
 o - a potion of mutation {unknown}
 u - a potion of resistance
 H - a potion of invisibility {unknown}
 M - 2 potions of lignification
 N - a potion of attraction {unknown}


   Skills:
 + Level 5.3 Fighting
 - Level 1.7 Dodging
 + Level 9.5 Unarmed Combat
 - Level 7.4 Shapeshifting


You had 8 spell levels left.
You didn't know any spells.
Your spell library contained the following spells:

 Spells                   Type           Power      Damage    Failure   Level
 Freeze                   Ice            0%         1d3       30%         1
 Magic Dart               Conj           0%         1d3       30%         1
 Call Imp                 Summ           0%         N/A       43%         2
 Cigotuvi's Dreadful Rot  Necr/Pois/Air  0%         N/A       43%         2
 Ensorcelled Hibernation  Hex/Ice        0%         N/A       43%         2
 Jinxbite                 Hex            0%         N/A       43%         2
 Frozen Ramparts          Ice            0%         1d1       67%         3
 Hailstorm                Conj/Ice       0%         3d3       67%         3
 Inner Flame              Hex/Fire       0%         N/A       67%         3
 Mephitic Cloud           Conj/Pois/Air  0%         N/A       67%         3
 Ozocubu's Armour         Ice            0%         N/A       67%         3
 Tukima's Dance           Hex            0%         N/A       67%         3
 Anguish                  Hex/Necr       0%         N/A       97%         4
 Dimensional Bullseye     Hex/Tloc       0%         N/A       97%         4
 Dispel Undead            Necr           0%         3d6       97%         4
 Iskenderun's Mystic Bla  Conj/Tloc      0%         2d3       97%         4
 Petrify                  Tmut/Erth      0%         N/A       97%         4
 Alistair's Intoxication  Tmut/Pois      0%         N/A       100%        5
 Borgnjor's Vile Clutch   Necr/Erth      0%         N/A       100%        5
 Metabolic Englaciation   Hex/Ice        0%         N/A       100%        5
 Yara's Violent Unravell  Hex/Tmut       0%         3d3       100%        5
 Death Channel            Necr           0%         N/A       100%        6
 Eringya's Noxious Bog    Tmut/Pois      0%         4d6       100%        6
 Simulacrum               Ice/Necr       0%         N/A       100%        6
 Enfeeble                 Hex            0%         N/A       100%        7
 Ozocubu's Refrigeration  Ice            0%         4d7       100%        7


Dungeon Overview and Level Annotations

Branches:
Dungeon (8/15)             Temple (0/1) D:4           Sewer (visited)
   Lair: D:8-11

Altars:
Hepliaklqana
Makhleb
Vehumet

Shops:
D:1 *   D:4 *[=:   D:5 [   D:7 *


Innate Abilities, Weirdness & Mutations

You are a tree.
Your roots penetrate the ground, keeping you stationary.
You cannot be teleported.
You are immune to unholy pain and torment.
Your maximum health is greatly increased.
Your equipment is partially melded.
Your life essence is reduced to manifest your ancestor. (-10% HP)
((You have a pair of small horns on your head.))
You sometimes emit foul miasma when damaged in melee.
You have an unusually large brain. (Int +2)
Spells you cast may paralyse adjacent enemies.


Message History

Deactivating autopickup; reactivate with Ctrl-A.
The puff of flame hits you!
A warg comes into view.
You bump into the rock wall.
A warg comes into view.
You hit Lucia but do no damage.
Lucia begins to glow.
An orc comes into view. It is wielding a +0 hand axe.
The orc priest invokes the aid of Beogh against you.
Beogh smites you!
An orc priest comes into view. It is wielding a +0 club.
You hit Lucia but do no damage.
Lucia glows dangerously bright.
The warg bites you but does no damage.
The orc priest invokes the aid of Beogh against you.
Beogh smites you!
* * * LOW HITPOINT WARNING * * *
The warg bites you.
* * * LOW HITPOINT WARNING * * *
You emit a cloud of foul miasma!
You are too confused!
Your transformation has ended.
You turn into a tree.
The +2 pair of boots of Dulirarr {rC++ rN++ Int-4} melds into your body.
Your +1 plate armour melds into your body.
Your roots penetrate the ground.
You feel less confused.
The warg is engulfed in dark miasma.
The warg stops to sniff the ground.
The warg bites you.
* * * LOW HITPOINT WARNING * * *
It was a potion of resistance.
You feel protected.
The warg is engulfed in dark miasma.
The warg seems to slow down.
The warg bites you but does no damage.
It was a potion of ambrosia.
You are confused.
You feel invigorated.
The warg is no longer moving slowly.
The warg is engulfed in dark miasma.
The warg bites you!
You die...

#.# ..## # .... .####
#.#. .... #.## ..
#..## #.## ..oo##o.##.
#.## ..oho.h)##.. #...
#♣# #.# ##...
#R###..### #....
#..###...#####....
#####.$.###R...##....
..........###...##....
########........##....
#...#.....##....
#............>.....
.>##...###...##....


You could see the friendly Lucia the battlemage (heavy contam), 2 wargs, 2 orc
priests, an orc wizard and 2 orcs.

Vanquished Creatures
  A shadow (D:6)
  A wyvern (D:4)
  A warg (D:8)
  2 water moccasins
  Duvessa (D:5)
  2 ice beasts
  2 ogres (D:6)
  2 centaurs
  A phantom (D:6)
  3 bullfrogs
  A kobold brigand (D:5)
  2 scorpions
  A necrophage (D:7)
  Dowan (D:5)
  A howler monkey (D:7)
  A hound (D:5)
  2 jellies
  An orc priest (D:7)
  A sleepcap (D:5)
  3 iguanas
  4 orc wizards
  A sickly merfolk siren (Sewer)
  A malarious merfolk avatar (Sewer)
  A hound skeleton (D:7)
  9 gnolls
  14 adders
  A river rat (Sewer)
  2 ufetubi (D:5)
  4 worms
  8 dart slugs
  15 orcs
  15 ball pythons
  9 endoplasms
  2 giant cockroaches
  5 goblins
  9 hobgoblins
  6 jackals
  10 kobolds
  3 quokkas
  6 bats
  4 frilled lizards
  34 rats
193 creatures vanquished.

Vanquished Creatures (collateral kills)
  A wyvern (D:7)
  An orc warrior (D:6)
  A sky beast (D:7)
  A phantom (D:5)
  A kobold brigand (D:8)
  A gnoll sergeant (D:7)
  A howler monkey (D:5)
  A gnoll bouda (D:7)
  2 hounds
  A sleepcap (D:4)
  An orc wizard (D:8)
  7 gnolls (D:7)
  A white imp (D:6)
  2 dart slugs (D:5)
  5 orcs
  3 kobolds (D:8)
30 creatures vanquished.

Vanquished Creatures (others)
  An ancestor (D:5)
1 creature vanquished.

Grand Total: 224 creatures vanquished

Notes
Turn   | Place    | Note
-------+----------+-------------------------------------------
     0 | D:1      | octoduck the Demonspawn Shapeshifter began the quest for
                  | the Orb.
     0 | D:1      | Reached XP level 1. HP: 15/15 MP: 1/1
   143 | D:1      | Found a faded altar of an unknown god.
   311 | D:1      | Reached skill level 3 in Unarmed Combat
   311 | D:1      | Gained mutation: Spells you cast may paralyse adjacent
                  | enemies. [demonic ancestry]
   311 | D:1      | Reached XP level 2. HP: 21/21 MP: 2/2
   504 | D:1      | Found Tiacw's Assorted Antiques.
   860 | D:1      | Gained mutation: You may rarely emit foul miasma when
                  | damaged in melee. [demonic ancestry]
   860 | D:1      | Reached XP level 3. HP: 26/26 MP: 3/3
  1205 | D:2      | Found a hazy altar of Hepliaklqana.
  1214 | D:2      | Became a worshipper of Hepliaklqana the Forgotten
  1245 | D:2      | HP: 1/26 [hobgoblin (4)]
  1247 | D:2      | Gained mutation: You sometimes emit foul miasma when
                  | damaged in melee. [demonic ancestry]
  1247 | D:2      | Reached XP level 4. HP: 1/32 MP: 4/4
  1863 | D:3      | Reached skill level 4 in Unarmed Combat
  2379 | D:3      | Reached XP level 5. HP: 35/37 MP: 5/5
  3017 | D:4      | Reached XP level 6. HP: 18/43 MP: 6/6
  3054 | D:4      | Found a glowing drain.
  3083 | Sewer    | Entered a sewer
  3339 | Sewer    | Reached skill level 5 in Unarmed Combat
  3639 | D:4      | Reached skill level 5 in Shapeshifting
  3742 | D:4      | Found Wantius's Antique Armour Shoppe.
  3747 | D:4      | Reached * piety under Hepliaklqana
  3842 | D:4      | You fall into a shaft and drop 2 floors!
  3851 | D:6      | Noticed a water moccasin
  4037 | D:6      | Killed a water moccasin
  4038 | D:6      | Gained mutation: You have an unusually large brain. (Int
                  | +2) [demonic ancestry]
  4038 | D:6      | Reached XP level 7. HP: 15/43 MP: 7/7
  4186 | D:6      | HP: 3/64 [orc/+0 club (1)]
  4188 | D:6      | Reached skill level 6 in Unarmed Combat
  4506 | D:6      | Noticed a shadow
  4687 | D:5      | Entered Level 5 of the Dungeon
  4754 | D:4      | Found Plog's One-of-a-Kind Rings.
  4840 | D:4      | Found a staircase to the Ecumenical Temple.
  4882 | D:4      | Found Dacem's Self-Published Books.
  5206 | D:4      | Noticed a wyvern
  5216 | D:4      | Killed a wyvern
  5217 | D:4      | Reached XP level 8. HP: 18/48 MP: 8/8
  5386 | D:4      | Found Duiq's Fire Supplies.
  5499 | D:5      | Found Zucraer's Antique Armour Emporium.
  5600 | D:5      | Reached skill level 7 in Unarmed Combat
  5790 | D:5      | Noticed Duvessa
  5790 | D:5      | Noticed Dowan
  5805 | D:5      | Killed Duvessa
  5809 | D:5      | Killed Dowan
  5900 | D:5      | Reached ** piety under Hepliaklqana
  6041 | D:5      | Found a radiant altar of Vehumet.
  6536 | D:5      | Bought a pair of smoking boots for 256 gold pieces
  6536 | D:5      | Identified the +2 pair of boots of Dulirarr {rC++ rN++
                  | Int-4} (You bought it in a shop on level 5 of the Dungeon)
  6608 | D:6      | Reached skill level 8 in Unarmed Combat
  6655 | D:6      | Gained mutation: You have a pair of small horns on your
                  | head. [demonic ancestry]
  6655 | D:6      | Reached XP level 9. HP: 39/53 MP: 9/9
  6655 | D:6      | Remembered your ancestor Lucia as a battlemage
  7442 | D:7      | Reached skill level 9 in Unarmed Combat
  7605 | D:7      | Reached *** piety under Hepliaklqana
  7979 | D:7      | Identified the +10 hand axe "Kubyats" {speed, rElec}
  7983 | D:7      | Found Qopsaat's Neck Hole.
  8324 | D:7      | Found a burning altar of Makhleb.
  8754 | D:8      | Reached skill level 5 in Fighting
  8764 | D:8      | HP: 2/61 [warg (5)]
  8767 | D:8      | Slain by a warg

Illustrated notes

Levels and vault maps discovered:
D:1:      nzn_arrival_settlement, layout_loops_ring, serial_shops,
          nicolae_shop_stone, dreamdust_ecumenical_altar_angels_and_demons
D:2:      kennysheep_big_flooded_room, layout_rooms, basic_altar,
          item_on_display_a
D:3:      layout_loops_ring, minmay_shallow_snake_nest
D:4:      layout_basic, minmay_temple_entry_mist, lightli_sewer_entry_pipes,
          serial_shops, shop, nicolae_custom_books, nicolae_shop_fire_sale
          [nicolae_sub_dead_trees], mrwooster_statue_mirror,
          nicolae_shop_unique_rings
D:5:      kennysheep_slugbush, layout_loops_ring, nicolae_vehumet_altar_sigil,
          kennysheep_windowed_goal, uniq_duvessa
D:6:      layout_cave_pools, mainiacjoe_overflow_alcove_2
D:7:      layout_layer_cave, makhleb_blood_cavern_becter,
          nicolae_shop_sticking_my_neck_out
D:8:      layout_rooms, mainiacjoe_overflow_concentric_impassable,
          erik_lair_orcish_takeover

Skill      XL: |  1  2  3  4  5  6  7  8  9 |
---------------+----------------------------+-----
Unarmed Combat | 3 4 5 6 8 9 |  9.5
Shapeshifting  | 3 4 5 6 7 |  7.4
Fighting       | 5 |  5.3
Dodging        | |  1.7

Action                     |  1- 3 |  4- 6 |  7- 9 || total
---------------------------+-------+-------+-------++-------
  Melee: Unarmed           |   124 |   257 |   216 ||   597
         Punch             |     2 |    10 |     6 ||    18
         Headbutt          |       |       |    19 ||    19
  Throw: Dart              |       |     8 |     2 ||    10
 Invoke: Ancestor Identity |       |     1 |       ||     1
         Recall Ancestor   |       |       |     1 ||     1
         Ancestor Life: Ba |       |       |     1 ||     1
  Evoke: Wand              |       |     9 |     7 ||    16
    Use: Scroll            |     2 |     7 |     5 ||    14
         Potion            |       |     2 |     4 ||     6
   Stab: Distracted        |       |       |     1 ||     1
 Armour: Animal skin       |    10 |       |       ||    10
         Ring mail         |    51 |   123 |       ||   174
         Skin              |       |     5 |    17 ||    22
         Chain mail        |       |    23 |    77 ||   100
         Plate armour      |       |       |   176 ||   176
  Dodge: Dodged            |    86 |   139 |    51 ||   276
   Form: Flux              |       |     1 |     2 ||     3
         Beast             |       |     1 |     1 ||     2

Table legend: (Time is in decaauts)
 A = Elapsed time spent in this place.
 B = Non-inter-level travel time spent in this place.
 C = Inter-level travel time spent in this place.
 D = Time resting spent in this place.
 E = Time spent auto-exploring this place.
 F = Levels seen in this place.
 G = Mean time per level.
                   A        B        C        D        E       F      G
               +--------+--------+--------+--------+--------+-----+--------+
         Total |   8804 |   8195 |    609 |   1733 |   4057 |   9 |  978.2 |
       Dungeon |   8277 |   7668 |    609 |   1712 |   3870 |   8 | 1034.6 |
         Sewer |    527 |    527 |      0 |     21 |    186 |   1 |  527.0 |
               +--------+--------+--------+--------+--------+-----+--------+

Top non-repeatable levels by time:
     D:6: 1488 daAuts
     D:4: 1479 daAuts
     D:7: 1437 daAuts
     D:5: 1105 daAuts
     D:1: 949 daAuts
     D:2: 886 daAuts
     D:3: 855 daAuts
   Sewer: 527 daAuts
     D:8: 76 daAuts
